 Dungeon Crawl Stone Soup version 0.31-a0-662-g684573625c (webtiles) character file.

Game seed: 7102364749407243523

993 Rhampir the Chopper (level 8, 0/61 HPs)
             Began as a Human Fighter on Sept 1, 2023.
             Was a Follower of the Shining One.
             Succumbed to a scorpion's poison
             ... on level 6 of the Dungeon.
             The game lasted 00:16:47 (3999 turns).

Rhampir the Chopper (Human Fighter)                 Turns: 3999, Time: 00:16:48

Health: 0/61       AC:  7    Str: 20    XL:     8   Next: 42%
Magic:  8/8        EV: 10    Int:  8    God:    the Shining One [*.....]
Gold:   136        SH:  5    Dex: 12    Spells: 7/7 levels left

rFire   . . .        a - +2 war axe
rCold   . . .        c - +0 buckler
rNeg    . . .        b - +0 scale mail
rPois   .            p - +0 hat
rElec   .            (no cloak)
rCorr   .            (no gloves)
SInv    .            (no boots)
Will    .....        (no amulet) Stlth
                     (no ring)
HPRegen 0.30/turn    (no ring)
MPRegen 0.11/turn

%: no passive effects
@: lethally poisoned (0 -> -2), on berserk cooldown, slowed, glowing, very slow
A: no striking features
a: Renounce Religion, Divine Shield


You were on level 6 of the Dungeon.
You worshipped the Shining One.
The Shining One was aware of your devotion.
You visited 1 branch of the dungeon, and saw 6 of its levels.

You collected 136 gold pieces.

Inventory:

Hand Weapons
 a - a +2 war axe (weapon)
 x - a +0 heavy hand axe
Missiles
 r - 5 javelins (quivered)
Armour
 b - a +0 scale mail (worn)
 c - a +0 buckler (worn)
 p - a +0 hat (worn)
Talismans
 o - a beast talisman
Scrolls
 e - 2 scrolls of silence
 f - a scroll of amnesia {unknown}
 g - a scroll of teleportation
 i - 2 scrolls of immolation
 k - a scroll of blinking
 l - a scroll of noise
 n - a scroll of fear {unknown}
 t - a scroll of enchant armour {unknown}
Potions
 d - 2 potions of might
 j - 2 potions of cancellation
 m - a potion of enlightenment
 q - a potion of berserk rage
 u - 2 potions of invisibility
 v - a potion of mutation {unknown}
 w - a potion of attraction {unknown}


   Skills:
 + Level 4.6 Fighting
 + Level 6.3 Axes
 + Level 1.1 Throwing
 + Level 5.3 Armour
 + Level 1.9 Dodging
 + Level 0.5 Stealth
 + Level 3.8 Shields


You had 7 spell levels left.
You didn't know any spells.
Your spell library contained the following spells:

 Spells                   Type           Power      Damage    Failure   Level
 Cigotuvi's Dreadful Rot  Necr/Pois/Air  0%         N/A       91%         2
 Ensorcelled Hibernation  Hex/Ice        0%         N/A       91%         2
 Passwall                 Tmut/Erth      0%         N/A       91%         2
 Dazzling Flash           Conj/Hex       0%         N/A       99%         3
 Ignite Poison            Fire/Tmut/Pois 0%         N/A       99%         3
 Swiftness                Air            0%         N/A       99%         3
 Agony                    Necr           0%         N/A       100%        5
 Freezing Cloud           Conj/Ice/Air   0%         6-21      100%        5
 Silence                  Hex/Air        0%         N/A       100%        5


Dungeon Overview and Level Annotations

Branches:
Dungeon (6/15)             Temple (0/1) D:4

Altars:
Ashenzari
Fedhas
Makhleb
Nemelex Xobeh
The Shining One

Annotations:
D:4 2 runed translucent doors, heikuro's ghost, novice FoFi


Message History

The scorpion is heavily wounded.
You feel sick. The scorpion barely misses you.
You barely miss the scorpion.
The scorpion is heavily wounded.
You feel sick. You block the scorpion's attack.
You hit the scorpion but do no damage.
The scorpion is heavily wounded.
You feel sick. The scorpion stings you.
* * * LOW HITPOINT WARNING * * *
The scorpion stings you.
* * * LOW HITPOINT WARNING * * *
You are lethally poisoned!
The scorpion poisons you!
A red film seems to cover your vision as you go berserk!
You feel yourself moving faster!
You feel mighty!
* * * LOW HITPOINT WARNING * * *
You feel sick. You block the scorpion's attack.
Unknown command.
You barely miss the scorpion.
The scorpion is heavily wounded.
* * * LOW HITPOINT WARNING * * *
You feel sick. The scorpion stings you.
* * * LOW HITPOINT WARNING * * *
You slash the scorpion!
You kill the scorpion!
* * * LOW HITPOINT WARNING * * *
You feel sick.
You are too berserk!
* * * LOW HITPOINT WARNING * * *
You feel sick.
You feel a strong urge to attack something.
* * * LOW HITPOINT WARNING * * *
You feel sick.
You are no longer corroded.
* * * LOW HITPOINT WARNING * * *
You feel sick.
You feel your anger nearly subside.
You are no longer berserk.
You are exhausted.
You feel yourself slow down.
You die...

### #########..
#......##.# #
######.####.##.# #.#
#......# ##.##.#..#
#......###..@...(#
#...........##.#..#
#......####.##.....#
#...........##.....#
###.##########.......
. #.# ###.##### # #.#
.# # #.# .# #
##.###### #


There were no monsters in sight!

Vanquished Creatures
  A black bear (D:5)
  2 ogres (D:5)
  A phantom (D:5)
  A bullfrog (D:6)
  5 scorpions
  A jelly (D:6)
  2 orc priests (D:5)
  An iguana (D:5)
  An orc wizard (D:3)
  4 gnolls (D:5)
  5 adders
  An ufetubus (D:6)
  2 dart slugs
  12 orcs
  7 endoplasms
  5 giant cockroaches
  2 goblins (D:3)
  8 hobgoblins
  7 jackals
  3 kobolds
  3 quokkas
  6 ball pythons
  5 bats
  2 frilled lizards
  2 rats
89 creatures vanquished.

Vanquished Creatures (others)
  An orc (D:3)
1 creature vanquished.

Grand Total: 90 creatures vanquished

Notes
Turn   | Place    | Note
-------+----------+-------------------------------------------
     0 | D:1      | Rhampir the Human Fighter began the quest for the Orb.
     0 | D:1      | Reached XP level 1. HP: 18/18 MP: 1/1
   174 | D:1      | Reached XP level 2. HP: 24/24 MP: 2/2
   587 | D:1      | Reached XP level 3. HP: 29/29 MP: 3/3
  1094 | D:2      | Found a faded altar of an unknown god.
  1210 | D:2      | Found a glowing golden altar of the Shining One.
  1246 | D:2      | Became a worshipper of the Shining One
  1398 | D:2      | Reached XP level 4. HP: 33/37 MP: 4/4
  1707 | D:3      | Reached skill level 1 in Dodging
  1709 | D:3      | Reached XP level 5. HP: 37/42 MP: 5/5
  1902 | D:3      | Found a blossoming altar of Fedhas.
  2012 | D:3      | Reached skill level 3 in Axes
  2295 | D:4      | Found a staircase to the Ecumenical Temple.
  2357 | D:4      | Found a sparkling altar of Nemelex Xobeh.
  2406 | D:4      | Found a burning altar of Makhleb.
  2471 | D:4      | Reached XP level 6. HP: 9/48 MP: 6/6
  2477 | D:4      | Found a broken altar of Ashenzari.
  2597 | D:4      | Found a large runed translucent door.
  2597 | D:4      | Found a large runed translucent door.
  2872 | D:4      | Noticed heikuro's ghost (novice FoFi)
  2988 | D:5      | Entered Level 5 of the Dungeon
  2998 | D:5      | Reached skill level 4 in Axes
  3246 | D:5      | Reached XP level 7. HP: 37/54 MP: 7/7
  3581 | D:5      | Reached skill level 5 in Axes
  3649 | D:5      | Reached skill level 5 in Armour
  3649 | D:5      | Reached XP level 8. HP: 42/61 MP: 8/8
  3812 | D:5      | Reached skill level 1 in Throwing
  3905 | D:6      | Reached skill level 6 in Axes
  3964 | D:6      | The Shining One protects you from harm!
  3974 | D:6      | Reached * piety under the Shining One
  3995 | D:6      | HP: 4/91 [poisoned by a scorpion]
  3999 | D:6      | Succumbed to a scorpion's poison

Illustrated notes

Levels and vault maps discovered:
D:1:      minmay_arrival_hallway, layout_loops_corners
D:2:      layout_loops_ring, hellmonk_ecumenical_altar_blasted, basic_altar
D:3:      layout_loops_ring, fedhas_altar_2, chequers_mini_garden,
          minmay_misc_feat_chi
D:4:      layout_loops_ring, lemuel_crystal_altar, nemelex_diamond_rough_becter,
          mainiacjoe_overflow_chevrons, minmay_temple_entry_junction_2,
          ebering_ghost_disaster_area
D:5:      layout_loops_ring
D:6:      layout_loops_corners, minitemple, nicolae_dithmenos_the_darkroom

Skill      XL: |  1  2  3  4  5  6  7  8 |
---------------+-------------------------+-----
Dodging        | 1 |  1.9
Axes           | 3 4 5 6 |  6.3
Fighting       | 4 |  4.6
Armour         | 4 5 |  5.3
Throwing       | 1 |  1.1
Stealth        | |  0.5
Shields        | |  3.8

Action                     |  1- 3 |  4- 6 |  7- 9 || total
---------------------------+-------+-------+-------++-------
  Melee: War axe           |    85 |   131 |    60 ||   276
  Throw: Javelin           |       |     4 |    14 ||    18
    Use: Scroll            |     1 |    13 |       ||    14
         Potion            |       |       |     5 ||     5
 Armour: Scale mail        |    52 |   101 |    45 ||   198
  Dodge: Dodged            |    43 |    64 |    26 ||   133
  Block: Buckler           |    24 |    35 |    16 ||    75

Table legend: (Time is in decaauts)
 A = Elapsed time spent in this place.
 B = Non-inter-level travel time spent in this place.
 C = Inter-level travel time spent in this place.
 D = Time resting spent in this place.
 E = Time spent auto-exploring this place.
 F = Levels seen in this place.
 G = Mean time per level.
                   A        B        C        D        E       F      G
               +--------+--------+--------+--------+--------+-----+--------+
         Total |   4107 |   4029 |     78 |      0 |   2107 |   6 |  684.5 |
       Dungeon |   4107 |   4029 |     78 |      0 |   2107 |   6 |  684.5 |
               +--------+--------+--------+--------+--------+-----+--------+

Top non-repeatable levels by time:
     D:1: 1016 daAuts
     D:5: 882 daAuts
     D:4: 813 daAuts
     D:3: 638 daAuts
     D:2: 601 daAuts
     D:6: 155 daAuts
